 Dungeon Crawl Stone Soup version 0.28-a0-514-g0d7ab7f379 (webtiles) character file.

Game seed: 1696195768820058719

389 meatgazer the Distorting Demonspawn (level 6, -2/49 HPs)
             Began as a Demonspawn Abyssal Knight on Sept 22, 2021.
             Was a Believer of Lugonu.
             Slain by a wyvern zombie (11 damage)
             ... on level 5 of the Dungeon.
             The game lasted 00:07:20 (6730 turns).

meatgazer the Distorting Demonspawn (DsAK)          Turns: 6730, Time: 00:07:20

Health: -2/49      AC:  3    Str: 14    XL:     6   Next: 49%
Magic:  10/10      EV: 13    Int: 17    God:    Lugonu [**....]
Gold:   238        SH:  0    Dex: 15    Spells: 7/7 levels left

rFire   . . .      SeeInvis .   a - +2 spear (flame)
rCold   . . .      Faith    .   (no shield)
rNeg    . . .      Spirit   .   b - +0 leather armour
rPois   .          Reflect  .   (no helmet)
rElec   .          Harm     .   (no cloak)
rCorr   .          Rampage  .   (no gloves)
Will    .....                   (no boots)
Stlth   +.........              (no amulet)
HPRegen 0.16/turn               c - +6 ring of intelligence
MPRegen 0.12/turn               (no ring)

@: studying Bows
A: talons 1, repulsion field 1, ignite blood 1
a: Renounce Religion, Depart the Abyss, Bend Space


You were on level 5 of the Dungeon.
You worshipped Lugonu.
Lugonu was pleased with you.
You visited 1 branch of the dungeon, and saw 5 of its levels.
You visited the Abyss 1 time.

You collected 238 gold pieces.

Inventory:

Hand Weapons
 a - a +2 spear of flaming (weapon)
Missiles
 e - 2 throwing nets
Armour
 b - a +0 leather armour (worn)
Jewellery
 c - a +6 ring of intelligence (left hand)
Wands
 i - a wand of mindburst (14)
Scrolls
 f - a scroll of identify
Potions
 d - a potion of flight
 g - a potion of brilliance
 h - a potion of curing


   Skills:
 + Level 4.4 Fighting
 + Level 3.3 Polearms
 - Level 1.7 Armour
 - Level 0.8 Dodging
 + Level 1.4 Spellcasting
 * Level 6.4 Invocations


You had 7 spell levels left.
You didn't know any spells.
Your spell library contained the following spells:

 Spells                   Type           Power      Damage    Failure   Level
 Magic Dart               Conj           4%         1d3       26%         1
 Searing Ray              Conj           2%         2d4       36%         2
 Summon Guardian Golem    Hex/Summ       1%         N/A       58%         3
 Animate Armour           Summ/Erth      2%         N/A       94%         4
 Fulminant Prism          Conj/Hex       0%         3d6       94%         4
 Blade Hands              Tmut           0%         N/A       100%        5
 Irradiate                Conj/Tmut      0%         3d13      100%        5
 Iron Shot                Conj/Erth      0%         9d1       100%        6
 Dragon Form              Tmut           0%         N/A       100%        7
 Orb of Destruction       Conj           0%         N/A       100%        7
 Spellforged Servitor     Conj/Summ      0%         N/A       100%        7


Dungeon Overview and Level Annotations

Branches:
Dungeon (5/15)
 Temple: D:4-7

Altars:
Gozag
Hepliaklqana

Shops:
D:5 !


Innate Abilities, Weirdness & Mutations

You have sharp toenails.
You are surrounded by a mild repulsion field. (EV +2)
Your demonic aura sometimes causes spilled blood to erupt in flames.


Message History

A wyvern zombie is nearby!
There is an entrance to Lotypomm's Distillery here.
You barely miss the wyvern zombie. The wyvern zombie bites you!
You barely miss the wyvern zombie. You claw the wyvern zombie.
The wyvern zombie is lightly damaged.
The wyvern zombie misses you. The wyvern zombie barely misses you.
You hit the wyvern zombie. You burn the wyvern zombie.
You claw the wyvern zombie.
The wyvern zombie is moderately damaged.
The wyvern zombie bites you!
You are too injured to fight recklessly!
You are too injured to fight recklessly!
You are too injured to fight recklessly!
You hit the wyvern zombie. You burn the wyvern zombie.
The wyvern zombie is moderately damaged.
The wyvern zombie closely misses you.
You completely miss the wyvern zombie.
You claw the wyvern zombie, but do no damage.
The wyvern zombie is moderately damaged.
The wyvern zombie bites you!
* * * LOW HITPOINT WARNING * * *
You hit the wyvern zombie but do no damage.
You claw the wyvern zombie.
The wyvern zombie is heavily damaged.
The wyvern zombie closely misses you.
The wyvern zombie bites you but does no damage.
You hit the wyvern zombie but do no damage.
You claw the wyvern zombie, but do no damage.
The wyvern zombie is heavily damaged.
The wyvern zombie bites you.
* * * LOW HITPOINT WARNING * * *
You hit the wyvern zombie but do no damage.
You claw the wyvern zombie.
The wyvern zombie is heavily damaged.
The wyvern zombie barely misses you.
You hit the wyvern zombie. You burn the wyvern zombie.
You claw the wyvern zombie, but do no damage.
The wyvern zombie is heavily damaged.
The wyvern zombie bites you!
You die...

#.########
#.........
#.........
##.........
#..........
###§###......
#≈≈.§≈#......
#≈#Z#≈#......
#≈.@.§#......
#≈#.#≈# ...
#≈≈.≈≈#
###'### #..
###. .. ..
...


You could see a wyvern zombie.

Vanquished Creatures
  A howler monkey (D:4)
  A hound (D:4)
  A centaur zombie (D:4)
  A gnoll shaman (D:4)
  An iguana (D:4)
  2 orc wizards (D:4)
  4 gnolls (D:4)
  4 adders
  An adder skeleton (D:4)
  2 worms
  6 dart slugs
  6 orcs
  2 endoplasms
  2 giant cockroaches
  13 goblins
  10 hobgoblins
  2 jackals (D:1)
  2 quokkas
  9 ball pythons
  11 bats
  2 frilled lizards (D:1)
  3 kobolds
  8 rats
94 creatures vanquished.

Vanquished Creatures (others)
  4 toadstools (D:3)
4 creatures vanquished.

Grand Total: 98 creatures vanquished

Notes
Turn   | Place    | Note
-------+----------+-------------------------------------------
     0 | Abyss:1  | meatgazer the Demonspawn Abyssal Knight began the quest for
                  | the Orb.
     0 | Abyss:1  | Reached XP level 1. HP: 18/18 MP: 2/2
   117 | Abyss:1  | Noticed a great orb of eyes
   146 | Abyss:1  | Noticed a raiju
   149 | D:1      | Escaped the Abyss
   271 | D:1      | Gained mutation: You have sharp toenails. [demonic
                  | ancestry]
   271 | D:1      | Reached XP level 2. HP: 5/24 MP: 4/4
   273 | D:1      | Reached skill level 3 in Invocations
  1229 | D:1      | Reached * piety under Lugonu
  1230 | D:1      | Gained mutation: Your demonic aura sometimes causes spilled
                  | blood to erupt in flames. [demonic ancestry]
  1230 | D:1      | Reached XP level 3. HP: 29/29 MP: 5/5
  2281 | D:2      | Reached skill level 4 in Invocations
  2467 | D:2      | Reached XP level 4. HP: 34/36 MP: 7/7
  3477 | D:3      | Reached ** piety under Lugonu
  3923 | D:3      | Found an opulent altar of Gozag.
  4176 | D:3      | Found a hazy altar of Hepliaklqana.
  4757 | D:4      | Reached skill level 5 in Invocations
  4757 | D:4      | Gained mutation: You are surrounded by a mild repulsion
                  | field. (EV +2) [demonic ancestry]
  4757 | D:4      | Reached XP level 5. HP: 33/42 MP: 8/8
  5781 | D:4      | Reached skill level 1 in Spellcasting
  5781 | D:4      | Reached skill level 6 in Invocations
  5781 | D:4      | Reached XP level 6. HP: 39/48 MP: 10/10
  6696 | D:5      | Entered Level 5 of the Dungeon
  6711 | D:5      | Found Lotypomm's Distillery.
  6730 | D:5      | Slain by a wyvern zombie

Illustrated notes

Levels and vault maps discovered:
D:1:      saegor_arrival_simple_a, layout_basic, serial_rivers,
          chequers_serial_rivers_micro_d, chequers_serial_rivers_micro_c,
          chequers_serial_rivers_marsh, chequers_serial_rivers_large_a,
          chequers_serial_rivers_micro_c, chequers_serial_rivers_room_b,
          minmay_misc_feat_diagonals, glass_columns_b
D:2:      cheibrodos_helix_gallery, layout_basic, guppyfry_early_orc_mine
D:3:      layout_loops_cross, mainiacjoe_overflow_alcove_1,
          worldfamousw_hep_ancestral_shrine, minmay_gold_behind_fungi
D:4:      layout_loops_ring, minmay_misc_feat_chi, minmay_manual_mail
D:5:      layout_rooms, gammafunk_ghost_smash, serial_shops,
          kennysheep_little_box

Skill      XL: |  1  2  3  4  5 |
---------------+----------------+-----
Invocations    | 3 4 5 6 |  6.4
Polearms       | 2 3 |  3.3
Fighting       | 4 |  4.4
Spellcasting   | 1 |  1.4
Armour         | |  1.7
Dodging        | |  0.8

Action                   |  1- 3 |  4- 6 || total
-------------------------+-------+-------++-------
Melee: Spear             |   124 |   155 ||   279
       Kick              |    20 |    34 ||    54
Invok: Depart the Abyss  |     1 |       ||     1
  Use: Scroll            |     2 |     9 ||    11
       Potion            |     1 |     1 ||     2
 Stab: Sleeping          |     3 |     3 ||     6
Armor: Leather armour    |    27 |    25 ||    52
Dodge: Dodged            |    58 |    72 ||   130

Table legend: (Time is in decaauts)
 A = Elapsed time spent in this place.
 B = Non-inter-level travel time spent in this place.
 C = Inter-level travel time spent in this place.
 D = Time resting spent in this place.
 E = Time spent auto-exploring this place.
 F = Levels seen in this place.
 G = Mean time per level.
                   A        B        C        D        E       F      G
               +--------+--------+--------+--------+--------+-----+--------+
         Total |   6741 |   6621 |    120 |   1862 |   4131 |   6 | 1123.5 |
       Dungeon |   6592 |   6472 |    120 |   1862 |   4016 |   5 | 1318.4 |
         Abyss |    149 |    149 |      0 |      0 |    115 |   1 |  149.0 |
               +--------+--------+--------+--------+--------+-----+--------+

Top non-repeatable levels by time:
     D:1: 2097 daAuts
     D:4: 1958 daAuts
     D:3: 1271 daAuts
     D:2: 1231 daAuts
 Abyss:1: 149 daAuts
     D:5: 33 daAuts
